 Dungeon Crawl Stone Soup version 0.29.0-11-gd7f09526c8 (webtiles) character file.

Game seed: 9779061907695480109

25157 pacmanke6689 the Fencer (level 12, -2/100 HPs)
             Began as a Minotaur Monk on Sept 6, 2022.
             Was an Elder of Hepliaklqana.
             Slain by a sun demon (8 damage)
             ... on level 1 of the Shoals.
             The game lasted 00:37:49 (12227 turns).

pacmanke6689 the Fencer (Minotaur Monk)            Turns: 12227, Time: 00:37:49

Health: -2/100     AC: 14    Str: 21      XL:     12   Next: 87%
Magic:  16/16      EV: 17    Int: 11      God:    Hepliaklqana [****..]
Gold:   568        SH:  0    Dex:  9 (10) Spells: 17/18 levels left

rFire   . . .      SeeInvis .   v - +6 great sword (freeze)
rCold   + . .      Faith    .   (shield currently unavailable)
rNeg    . . .      Spirit   .   r - +2 ring mail {rC+}
rPois   .          Reflect  .   (helmet restricted)
rElec   .          Harm     .   (no cloak)
rCorr   .          Rampage  .   p - +2 pair of gloves
Will    .....      Clarity  +   f - +0 pair of boots "Ocri" {Str+4 Dex-5 Stlth+}
Stlth   +.........              (no amulet)
HPRegen 0.26/turn               s - +4 ring of evasion
MPRegen 0.15/turn               a - +4 ring of slaying

@: confused, ambrosia-drunk, spiked, very slow
A: reduced essence, horns 2, retaliatory headbutt, clarity, clever 1,
deterioration 1, wild magic 1
a: Renounce Religion, Recall Ancestor, Ancestor Identity, Transference, Idealise


You were on level 1 of the Shoals.
You worshipped Hepliaklqana.
Hepliaklqana was greatly pleased with you.
You visited 3 branches of the dungeon, and saw 12 of its levels.

You collected 568 gold pieces.

Inventory:

Hand Weapons
 v - a +6 great sword of freezing (weapon)
Missiles
 l - 2 throwing nets
Armour
 f - the +0 pair of boots "Ocri" (worn) {Str+4 Dex-5 Stlth+}
   (You found it on level 3 of the Dungeon)

   Str:       It affects your strength (+4).
   Dex:       It affects your dexterity (-5).
   Stlth:     It makes you more stealthy.
 p - a +2 pair of gloves (worn)
 r - a +2 ring mail of cold resistance (worn)
 t - +1 steam dragon scales
Jewellery
 a - a +4 ring of slaying (right hand)
 j - a ring of willpower
 s - a +4 ring of evasion (left hand)
 C - a +4 ring of protection
Wands
 n - a wand of iceblast (15)
 u - a wand of paralysis (13)
 w - a wand of flame (17)
 D - a wand of light (11)
Scrolls
 b - 3 scrolls of magic mapping
 d - 6 scrolls of teleportation
 k - 2 scrolls of fog
 m - 4 scrolls of immolation
 o - 2 scrolls of vulnerability
 q - a scroll of blinking
 y - 3 scrolls of fear
Potions
 e - 5 potions of curing
 g - 2 potions of attraction
 h - a potion of brilliance
 i - 3 potions of might
 x - a potion of lignification {unknown}
 z - 4 potions of resistance
 B - a potion of haste {unknown}


   Skills:
 + Level 12.0 Fighting
 + Level 16.9 Long Blades
 + Level 9.8 Armour
 + Level 9.2 Dodging
 + Level 5.1 Stealth
 + Level 3.7 Spellcasting
 + Level 2.3 Necromancy
 + Level 2.5 Transmutations


You had 17 spell levels left.
You knew the following spells:

 Your Spells              Type           Power      Damage    Failure   Level
b - Beastly Appendage     Tmut           18%        N/A       19%         1

Your spell library contained the following spells:

 Spells                   Type           Power      Damage    Failure   Level
 Necrotise                Necr           36%        1d5       21%         1
 Wereblood                Tmut           9%         N/A       26%         2
 Sublimation of Blood     Necr           9%         N/A       28%         2
 Sting                    Tmut/Pois      24%        1d4       30%         1
 Apportation              Tloc           4%         N/A       43%         1
 Summon Small Mammal      Summ           8%         N/A       43%         1
 Poisonous Vapours        Pois/Air       4%         N/A       56%         2
 Spider Form              Tmut/Pois      6%         N/A       63%         3
 Confusing Touch          Hex            2%         N/A       78%         3
 Gell's Gravitas          Tloc           2%         N/A       78%         3
 Lesser Beckoning         Tloc           2%         N/A       78%         3
 Teleport Other           Tloc           2%         N/A       78%         3
 Tukima's Dance           Hex            2%         N/A       78%         3
 Olgreb's Toxic Radiance  Pois           2%         N/A       99%         4
 Passage of Golubria      Tloc           2%         N/A       99%         4
 Alistair's Intoxication  Tmut/Pois      4%         N/A       100%        5
 Borgnjor's Vile Clutch   Necr/Erth      3%         N/A       100%        5
 Yara's Violent Unravell  Hex/Tmut       3%         3d4       100%        5
 Eringya's Noxious Bog    Tmut/Pois      3%         N/A       100%        6
 Enfeeble                 Hex            1%         N/A       100%        7
 Summon Hydra             Summ           1%         N/A       100%        7


Dungeon Overview and Level Annotations

Branches:
Dungeon (9/15)             Temple (0/1) D:6            Lair (2/5) D:9
 Shoals (1/4) Lair:2
  Snake: Lair:2-3    Spider: Lair:2-3       Orc: D:9-12

Altars:
Ashenzari
Cheibriados
Hepliaklqana
Okawaru
Trog
Uskayaw
Vehumet
Wu Jian
Yredelemnul
The Shining One

Shops:
D:4 (   D:9 =


Innate Abilities, Weirdness & Mutations

Your life essence is reduced to manifest your ancestor. (-10% HP)
You have a pair of horns on your head.
You reflexively headbutt those who attack you in melee.
You possess an exceptional clarity of mind.
Your mind is acute. (Int +4, Str/Dex -1)
Your body sometimes deteriorates upon taking damage.
Your spells are a little harder to cast, but a little more powerful.


Message History

The barbed spikes become lodged in your body.
* * * LOW HITPOINT WARNING * * *
Ankhesenamen hits the sun demon with a +0 flail.
The barbs in your skin will harm you if you move.
Continue?
Okay, then.
The barbs in your skin will harm you if you move.
Continue? [Y]es or [N]o only, please.
The barbs in your skin will harm you if you move.
Continue? [Y]es or [N]o only, please.
The barbs in your skin will harm you if you move.
Continue?
Okay, then.
You feel less invigorated.
You feel less confused. The water nymph misses you.
Ankhesenamen barely misses the sun demon.
You completely miss the water nymph. Your headbutt misses the water nymph.
The sun demon closely misses you. The manticore completely misses you.
You furiously retaliate!
You headbutt the manticore!
The manticore claws you but does no damage.
The manticore completely misses you. The water nymph touches you.
The water nymph drowns you!
* * * LOW HITPOINT WARNING * * *
Ankhesenamen hits the sun demon with a +0 flail!
You are confused.
You feel invigorated. The sun demon misses you.
The water nymph points at you and mumbles some strange words.
The water swirls and strikes you!
* * * LOW HITPOINT WARNING * * *
The manticore bites you!
* * * LOW HITPOINT WARNING * * *
The manticore completely misses you. x2
Ankhesenamen hits the sun demon with a +0 flail!
The sun demon completely misses you.
The barbs in your skin will harm you if you move.
Continue?
You hit the manticore. You freeze the manticore.
You kill the manticore!
The water nymph closely misses you.
Ankhesenamen hits the sun demon but does no damage.
The sun demon hits you!
You die...

~~≈≈≈~~~~~~~~..........
.~~≈≈≈~~~~(~~...........
.~~~≈~~~~...........~~..
.~~~≈~~~~.##.........~~.
.~~~~~~~~.###....##.....
~~~~~~~~..#>......#.....
.~~~~~..........~.....~~
..~~~~.~........).~...~~
..~~~~~@†....~~~~..~~~~~
.~~~~~m3.....~~~~.~≈~.~~
#.~~~~~~R....~~....~~~~~
#.~~~~........~...≈≈~≈≈
#~≈≈~~~.......~~~~≈≈≈≈≈
.~≈≈~~~....$...~~~~~≈≈≈
~~≈≈~~~~.~......~...≈≈~
.~≈≈≈~~≈≈≈..###..~~


You could see the friendly Ankhesenamen the knight, a sun demon (ally target)
and a water nymph.

Vanquished Creatures
  A merfolk impaler (Shoals:1)
  2 sun demons (Shoals:1)
  A sea snake (Shoals:1)
  2 manticores (Shoals:1)
  A black mamba (Lair:2)
  5 elephants (Lair:1)
  11 rime drakes (Lair:2)
  An unseen horror (D:9)
  4 cane toads
  3 komodo dragons (Lair:1)
  The ghost of videwesjr the Trooper, an amateur OgBe of Trog (D:4)
  A hornet (D:9)
  4 blink frogs (Lair:2)
  3 dream sheep (Lair:1)
  Sigmund (D:2)
  A shadow (D:9)
  A water elemental (Shoals:1)
  10 yaks
  7 steam dragons
  An acid dragon (Lair:2)
  8 water moccasins
  2 orc warriors (D:8)
  3 sky beasts (D:7)
  2 black bears
  4 centaurs
  4 bullfrogs
  2 kobold brigands
  3 necrophages
  A gnoll sergeant (D:9)
  2 scorpions
  18 wights
  5 killer bees
  4 howler monkeys
  A centaur zombie (D:4)
  A jelly (D:6)
  3 hounds
  3 orc priests
  A centaur skeleton (D:4)
  2 iguanas
  7 orc wizards
  A killer bee zombie (D:4)
  7 adders
  11 gnolls
  An ufetubus (D:5)
  3 dart slugs
  22 orcs
  5 endoplasms
  4 giant cockroaches
  5 hobgoblins
  21 kobolds
  2 quokkas
  3 training dummies (D:4)
  9 ball pythons
  8 bats
  4 frilled lizards
  6 goblins
  A rat (D:3)
250 creatures vanquished.

Vanquished Creatures (collateral kills)
  A manticore (Shoals:1)
  A black mamba (Lair:2)
  A water nymph (Shoals:1)
  2 rime drakes (Lair:2)
  An unseen horror (D:9)
  2 dream sheep (Lair:1)
  A blink frog (Lair:2)
  A wraith (D:9)
  5 yaks
  A basilisk (Lair:1)
  An orc warrior (D:8)
  A kobold brigand (D:8)
  A bullfrog (D:9)
  A gnoll sergeant (D:6)
  A wight (D:7)
  2 killer bees (D:6)
  A hound (D:7)
  A gnoll bouda (D:6)
  2 iguanas (D:7)
  9 gnolls
  An orc (D:8)
  3 kobolds (D:8)
  A rat (D:1)
  A butterfly (Lair:2)
42 creatures vanquished.

Vanquished Creatures (others)
  2 knights (Lair:1)
  A kobold (D:9)
  12 fungi (Lair:2)
  15 plants
30 creatures vanquished.

Grand Total: 322 creatures vanquished

Notes
Turn   | Place    | Note
-------+----------+-------------------------------------------
     0 | D:1      | pacmanke6689 the Minotaur Monk began the quest for the Orb.
     0 | D:1      | Reached XP level 1. HP: 19/19 MP: 0/0
   202 | D:1      | Reached XP level 2. HP: 20/27 MP: 1/1
   217 | D:1      | Reached skill level 4 in Long Blades
   356 | D:1      | Learned a level 1 spell: Necrotise
   773 | D:2      | You fall into a shaft and drop 2 floors!
   807 | D:4      | Reached XP level 3. HP: 23/33 MP: 2/2
   863 | D:4      | Found a runed translucent gate.
   863 | D:4      | Found a runed translucent gate.
   863 | D:4      | Found a runed translucent gate.
   917 | D:3      | Reached XP level 4. HP: 34/41 MP: 3/3
   994 | D:3      | Identified the +0 pair of boots "Ocri" {Str+4 Dex-5 Stlth+}
  1460 | D:4      | Reached skill level 5 in Long Blades
  1619 | D:4      | Noticed a scorpion
  1641 | D:4      | Killed a scorpion
  1642 | D:4      | Reached XP level 5. HP: 33/47 MP: 1/5
  1811 | D:4      | Reached skill level 6 in Long Blades
  1950 | D:4      | Reached skill level 1 in Spellcasting
  1969 | D:4      | Noticed videwesjr's ghost (amateur OgBe)
  2028 | D:4      | Noticed a black bear
  2039 | D:4      | Killed a black bear
  2040 | D:4      | Reached skill level 5 in Fighting
  2040 | D:4      | Reached XP level 6. HP: 34/56 MP: 6/6
  2077 | D:2      | Noticed Sigmund
  2087 | D:2      | Killed Sigmund
  2088 | D:2      | Reached skill level 1 in Necromancy
  2345 | D:2      | Reached skill level 7 in Long Blades
  2345 | D:2      | Reached XP level 7. HP: 61/61 MP: 0/7
  2665 | D:2      | Found a glowing golden altar of the Shining One.
  2904 | D:2      | Found a faded altar of an unknown god.
  3108 | D:4      | Killed videwesjr's ghost
  3109 | D:4      | Reached skill level 1 in Armour
  3109 | D:4      | Reached skill level 5 in Dodging
  3314 | D:4      | Found Cag Joexe's Firing Range.
  3563 | D:5      | Entered Level 5 of the Dungeon
  3589 | D:5      | Reached XP level 8. HP: 51/70 MP: 5/10
  3904 | D:5      | Reached skill level 8 in Long Blades
  4251 | D:5      | Found a hazy altar of Hepliaklqana.
  4318 | D:5      | Became a worshipper of Hepliaklqana the Forgotten
  4318 | D:5      | Reached * piety under Hepliaklqana
  4318 | D:5      | Reached ** piety under Hepliaklqana
  4319 | D:5      | Remembered your ancestor Ankhesenamen as a knight
  4629 | D:6      | Found a staircase to the Ecumenical Temple.
  4876 | D:6      | Found a hide-covered altar of Uskayaw.
  4882 | D:6      | Found a basalt altar of Yredelemnul.
  4886 | D:6      | Found a radiant altar of Vehumet.
  4887 | D:6      | Found a snail-covered altar of Cheibriados.
  5017 | D:6      | Reached skill level 9 in Long Blades
  5121 | D:6      | Identified the +10 spear of Gabadd {protect, Stlth+}
  5149 | D:6      | Found an ornate altar of the Wu Jian Council.
  5506 | D:7      | Reached XP level 9. HP: 68/70 MP: 11/11
  5696 | D:7      | Found a broken altar of Ashenzari.
  5700 | D:7      | Saw a vision of the Shoals and the Snake Pit.
  5700 | D:7      | Noticed a manticore
  5700 | D:7      | Noticed a black mamba
  5700 | D:7      | Noticed a naga ritualist
  5700 | D:7      | Noticed a wind drake
  5700 | D:7      | Noticed a water nymph
  5700 | D:7      | Noticed a sea snake
  5700 | D:7      | Noticed a water nymph
  5700 | D:7      | Noticed a sea snake
  5700 | D:7      | Noticed a black mamba
  5700 | D:7      | Noticed a black mamba
  5700 | D:7      | Noticed a manticore
  5700 | D:7      | Noticed a merfolk impaler
  5700 | D:7      | Noticed a naga warrior
  5700 | D:7      | Noticed a wind drake
  5700 | D:7      | Noticed a merfolk impaler
  5701 | D:7      | Noticed a mana viper
  5805 | D:7      | Reached skill level 11 in Long Blades
  5805 | D:7      | Reached XP level 10. HP: 75/82 MP: 12/12
  6293 | D:7      | Learned a level 1 spell: Beastly Appendage
  6562 | D:8      | Reached skill level 12 in Long Blades
  6671 | D:8      | Reached *** piety under Hepliaklqana
  7152 | D:8      | Found a bloodstained altar of Trog.
  7152 | D:8      | Found an iron altar of Okawaru.
  7296 | D:8      | Reached skill level 10 in Fighting
  7605 | D:9      | Reached skill level 13 in Long Blades
  7779 | D:9      | Reached XP level 11. HP: 83/89 MP: 13/13
  8042 | D:9      | Found a staircase to the Lair.
  8512 | D:9      | Found Hokh's Jewellery Emporium.
  8529 | D:9      | Identified the +1 leather armour of Arima {rPois Int+8}
  8799 | Lair:1   | Entered Level 1 of the Lair of Beasts
  9074 | Lair:1   | Reached **** piety under Hepliaklqana
  9175 | Lair:1   | Reached skill level 14 in Long Blades
  9391 | Lair:1   | Reached skill level 1 in Transmutations
 10552 | Lair:2   | Reached XP level 12. HP: 91/99 MP: 16/16
 10563 | Lair:2   | Reached skill level 15 in Long Blades
 11246 | Lair:2   | Gained mutation: Your spells are a little harder to cast,
                  | but a little more powerful. [potion of mutation]
 11246 | Lair:2   | Gained mutation: You have an increased reservoir of magic.
                  | (+10% MP) [potion of mutation]
 11247 | Lair:2   | Lost mutation: Your spells are a little harder to cast, but
                  | a little more powerful. [potion of mutation]
 11247 | Lair:2   | Lost mutation: You have an increased reservoir of magic.
                  | (+10% MP) [potion of mutation]
 11247 | Lair:2   | Gained mutation: Your mind is acute. (Int +4, Str/Dex -1)
                  | [potion of mutation]
 11247 | Lair:2   | Gained mutation: Your body sometimes deteriorates upon
                  | taking damage. [potion of mutation]
 11247 | Lair:2   | Gained mutation: Your spells are a little harder to cast,
                  | but a little more powerful. [potion of mutation]
 11247 | Lair:2   | Gained mutation: You possess an exceptional clarity of
                  | mind. [potion of mutation]
 11339 | Lair:2   | Reached skill level 16 in Long Blades
 11371 | Lair:2   | Reached skill level 5 in Stealth
 11779 | Lair:2   | Found a staircase to the Shoals.
 11809 | Shoals:1 | Entered Level 1 of the Shoals
 11894 | Shoals:1 | Noticed a merfolk impaler
 11903 | Shoals:1 | Killed a merfolk impaler
 12160 | Shoals:1 | Identified the +7 great mace "Dypea" {vorpal, rCorr Dex+3}
 12219 | Shoals:1 | HP: 3/100 [water nymph/the raging water (22)]
 12226 | Shoals:1 | HP: 1/100 [manticore (10)]
 12227 | Shoals:1 | Slain by a sun demon

Illustrated notes

Levels and vault maps discovered:
D:1:      lemuel_arrival_broad_hall, layout_rooms,
          nicolae_concentric_dashed_squares_mild
D:2:      layout_basic, shapermc_ecumenical_altar_hornbeckon, basic_altar,
          uniq_sigmund
D:3:      layout_rooms
D:4:      layout_loops_ring, gammafunk_ghost_necromancy,
          nicolae_shop_firing_range
D:5:      layout_basic, nzn_hepliaklqana_mist_gate
D:6:      layout_loops_corners, kennysheep_mini_moat, minitemple,
          minmay_temple_entry_tees, hex_tiny, hangedman_abyss_or_decor_slice
D:7:      layout_loops_corners, grunt_ashenzari_visionary
          [grunt_ashenzari_visionary_shoals, grunt_ashenzari_visionary_snake]
D:8:      layout_gridville, grunt_temple_overflow_bloody_war
D:9:      layout_rooms, lair_entry_dummy, serial_shops,
          nicolae_shop_hallway_stairs, kennysheep_small_spiral,
          hangedman_decor_points, nrook_mini_backslash, minivault_5,
          interstate_on_off, nicolae_concentric_dashed_squares_wild,
          minmay_misc_feat_columns
Lair:1:   layout_cave_pods, infiniplex_staircase_pool, grunt_megastairs_2,
          lemuel_fruit_tree
Lair:2:   layout_concentric_octagons, shoals_dummy_entry,
          bobbens_dragon_lair_wall, lemuel_fruit_fields
Shoals:1: layout_shoals, nicolae_shoals_sun_and_surf

Skill      XL: |  1  2  3  4  5  6  7  8  9 10 11 12 |
---------------+-------------------------------------+-----
Long Blades    | 4 5 6 7 9 11 13 14 16 | 16.9
Fighting       | 4 5 6 9 10 11 12 | 12.0
Dodging        | 4 5 7 8 9 |  9.2
Spellcasting   | 1 2 3 |  3.7
Necromancy     | 1 2 |  2.3
Armour         | 1 4 8 9 |  9.8
Stealth        | 4 5 |  5.1
Transmutations | 2 |  2.5

Action                   |  1- 3 |  4- 6 |  7- 9 | 10-12 || total
-------------------------+-------+-------+-------+-------++-------
Melee: Falchion          |    65 |    83 |   224 |    34 ||   406
       Headbutt          |     9 |    16 |    38 |    61 ||   124
       Punch             |       |     1 |     6 |       ||     7
       Great sword       |       |       |       |   290 ||   290
       Kick              |       |       |       |    10 ||    10
 Cast: Necrotise         |     4 |    11 |    15 |       ||    30
       Beastly Appendage |       |       |       |    19 ||    19
Invok: Ancestor Life: Kn |       |       |     1 |       ||     1
  Use: Scroll            |     2 |     3 |    10 |    10 ||    25
       Potion            |     1 |     1 |     2 |    10 ||    14
 Stab: Sleeping          |     1 |     5 |     3 |     2 ||    11
       Distracted        |       |       |     1 |     3 ||     4
Armor: Robe              |     9 |    34 |     1 |       ||    44
       Ring mail         |       |       |   123 |   124 ||   247
Dodge: Dodged            |    48 |    51 |   162 |   265 ||   526
